AoeStats
← catchchez

Arena

504254374Analyzed
1v1 RM · 29d ago on Sep 4, 2026· 28m 26s· 2 players
Game mode
Random Map
Map size
Tiny (2 player)
Population
200
Speed
Normal
Resources
Standard
Victory
Conquest
Starting age
Dark Age
Ending age
Imperial Age
RankedLock teamsTeams togetherTeam positionsShared explorationLock speedFull tech treeHidden civsTurbo modeCheats
Victory
Defeat
🇮🇳 Ethiopians · India
735
+14
🇩🇪 Vietnamese · Germany
683
-14
DeonPew
10:29 Feudal Age
11:45 Wheelbarrow
11:00 Horse Collar
11:09 Double-Bit Axe
13:56 Man-at-Arms
14:21 Arson
20:52 Castle Age
19:11 Gold Mining
19:12 Stone Mining
21:55 Bow Saw
22:02 Hand Cart
21:51 Heavy Plow
22:18 Forging
22:13 Squires
24:12 Fortified Wall
24:13 Long Swordsman
25:47 Scale Mail Armor
28:15 Iron Casting
27:15 Crossbowman
28:28 Padded Archer Armor
catchchez
2:25 Loom
10:44 Feudal Age
13:50 Double-Bit Axe
20:15 Castle Age
19:09 Fletching
Connection lost

Rejoining the realm…

Still unreachable

The connection could not be restored.

Session expired

The server has moved on; the page needs a fresh start.